 Dungeon Crawl Stone Soup version 0.30.0-30-g96aa6591b8 (webtiles) character file.

Game seed: 10995340669883793790

73267 AgateBread the Severer (level 15, -3/139 HPs)
             Began as a Hill Orc Monk on June 30, 2023.
             Was a High Priest of Ashenzari.
             Slain by an orc warrior
             ... wielding a +0 halberd
              (5 damage)
             ... on level 2 of the Orcish Mines.
             The game lasted 02:18:44 (28777 turns).

AgateBread the Severer (Hill Orc Monk)             Turns: 28777, Time: 02:18:45

Health: -3/139     AC: 21    Str: 20    XL:     15   Next: 42%
Magic:  1/25       EV: 10    Int: 20    God:    Ashenzari [*****.]
Gold:   690        SH:  5    Dex: 13    Spells: 12/27 levels left

rFire   + . .        p - +6 hand axe of the Chained Ether {heavy, rPois rCorr, Melee, Bglg} (curse)
rCold   + . .        d - orb "Lashed With Me" {light, Cun, Self} (curse)
rNeg    . . .        R - +0 chain mail of Cremastomancy {rF+ rC+ Str+2, Melee, Fort} (curse)
rPois   +            (no helmet)
rElec   .            N - +0 cloak "Ensconced Together" {Bglg, Alch} (curse)
rCorr   +            (no gloves)
SInv    +            z - +0 pair of boots "I Knew You'd Do That" {Comp, Elem} (curse)
Will    +....        G - amulet "Cursed Regret" {Reflect SH+5, Range, Melee} (curse) Stlth
                     i - ring "I Knew You'd Do That" {Int+6, Fort, Alch} (curse)
HPRegen 0.43/turn    W - ring of Ashenzari's Oracle {AC+4, Elem, Melee} (curse)
MPRegen 0.19/turn

%: reflection, clarity
@: very slightly contaminated, glowing, studying Axes
A: no striking features
a: Renounce Religion, Convert to Beogh, Shatter the Chains


You were on level 2 of the Orcish Mines.
You worshipped Ashenzari.
Ashenzari was extremely pleased with you.
You visited 5 branches of the dungeon, and saw 20 of its levels.
You also visited: Bailey.

You collected 2281 gold pieces.
You spent 1591 gold pieces at shops.

Inventory:

Hand Weapons
 p - the cursed +6 hand axe of the Chained Ether (weapon) {heavy, rPois rCorr, Melee, Bglg}
   (You found it on level 2 of the Dungeon)

   rPois:     It protects you from poison.
   rCorr:     It protects you from acid and corrosion.
   It has a curse which improves the following skills: Melee Combat: Short
   Blades, Long Blades, Axes, Maces & Flails, Polearms, Staves and Unarmed
   Combat.
   Beguiling: Conjurations, Hexes and Translocations.
 x - the +7 hammer of the Disturbing Knives {flame, rF++ rC- Int+3 Stlth+}
   (You found it on level 4 of the Dungeon)

   Int:       It affects your intelligence (+3).
   rF:        It greatly protects you from fire.
   rC:        It makes you vulnerable to cold.
   Stlth:     It makes you more stealthy.
 K - a +6 executioner's axe of electrocution
Armour
 d - the cursed orb "Lashed With Me" (worn) {light, Cun, Self}

   It has a curse which improves the following skills: Cunning: Dodging and
   Stealth.
   Introspection: Fighting and Spellcasting.
 z - the cursed +0 pair of boots "I Knew You'd Do That" (worn) {Comp, Elem}
   (You found it on level 3 of the Dungeon)

   It has a curse which improves the following skills: Companions: Summonings
   and Necromancy.
   Elements:  Fire Magic, Ice Magic, Air Magic and Earth Magic.
 A - the +6 chain mail of the Eternal Void {rN+}
   (You found it on level 5 of the Lair of Beasts)

   rN:        It protects you from negative energy.
 H - a +2 pair of boots
 N - the cursed +0 cloak "Ensconced Together" (worn) {Bglg, Alch}
   (You took it off Crazy Yiuf on level 4 of the Dungeon)

   It has a curse which improves the following skills: Beguiling: Conjurations,
   Hexes and Translocations.
   Alchemy:   Poison Magic and Transmutations.
 O - a +3 chain mail of cold resistance
 R - the cursed +0 chain mail of Cremastomancy (worn) {rF+ rC+ Str+2, Melee, Fort}
   (You found it on level 8 of the Dungeon)

   Str:       It affects your strength (+2).
   rF:        It protects you from fire.
   rC:        It protects you from cold.
   It has a curse which improves the following skills: Melee Combat: Short
   Blades, Long Blades, Axes, Maces & Flails, Polearms, Staves and Unarmed
   Combat.
   Fortitude: Armour and Shields.
 T - a +2 tower shield of protection
 Y - an orb of energy
Magical Staves
 n - a staff of conjuration
 q - a staff of air
Jewellery
 i - the cursed ring "I Knew You'd Do That" (left hand) {Int+6, Fort, Alch}
   (You found it on level 3 of the Dungeon)

   [ring of intelligence]

   Int:       It affects your intelligence (+6).
   It has a curse which improves the following skills: Fortitude: Armour and
   Shields.
   Alchemy:   Poison Magic and Transmutations.
 r - a +5 ring of evasion
 t - an amulet of guardian spirit
 y - a +4 ring of slaying
 E - a ring of protection from fire
 G - the cursed amulet "Cursed Regret" (around neck) {Reflect SH+5, Range, Melee}
   (You found it on level 5 of the Dungeon)

   [amulet of reflection]

   It reflects blocked missile attacks.
   SH:        It affects your SH (+5).
   It has a curse which improves the following skills: Ranged Combat: Ranged
   Weapons and Throwing.
   Melee Combat: Short Blades, Long Blades, Axes, Maces & Flails, Polearms,
   Staves and Unarmed Combat.
 Q - an amulet of regeneration
 W - the cursed ring of Ashenzari's Oracle (right hand) {AC+4, Elem, Melee}
   (You found it on level 11 of the Dungeon)

   [ring of protection]

   AC:        It affects your AC (+4).
   It has a curse which improves the following skills: Elements: Fire Magic, Ice
   Magic, Air Magic and Earth Magic.
   Melee Combat: Short Blades, Long Blades, Axes, Maces & Flails, Polearms,
   Staves and Unarmed Combat.
 X - a ring of positive energy
Wands
 a - a wand of paralysis (16)
 b - a wand of digging (6)
 M - a wand of flame (26)
Scrolls
 f - 5 scrolls of amnesia
 h - 8 scrolls of teleportation
 k - 2 scrolls of silence
 l - a scroll of enchant armour
 v - a scroll of magic mapping
 J - 4 scrolls of immolation
 P - 4 scrolls of fog
Potions
 c - 5 potions of ambrosia
 g - a potion of magic
 j - a potion of resistance
 m - 3 potions of mutation
 s - 3 potions of might
 u - 3 potions of curing
 B - 6 potions of attraction
 C - 2 potions of flight
 V - 3 potions of brilliance


   Skills:
 - Level 12.8(14.9) Fighting
 + Level 17.2(22.0) Axes
 - Level 13.2(16.3) Armour
 - Level 2.4(4.1) Dodging
 - Level 4.6(6.7) Spellcasting
 - Level 10.6(13.7) Conjurations
 - Level 6.8(10.0) Translocations
 - Level 7.2(10.4) Fire Magic
 - Level 8.5(11.7) Air Magic


You had 12 spell levels left.
You knew the following spells:

 Your Spells              Type           Power      Damage    Failure   Level
a - Blink                 Tloc           92%        N/A       1%          2
b - Vhi's Electric Charg  Tloc/Air       100%       N/A       1%          3
c - Manifold Assault      Tloc           46%        N/A       6%          4
d - Plasma Beam           Fire/Air       25%        2x1d41    54%         6

Your spell library contained the following spells:

 Spells                   Type           Power      Damage    Failure   Level
 Lesser Beckoning         Tloc           92%        N/A       1%          2
 Momentum Strike          Conj/Tloc      100%       3d10      1%          2
 Iskenderun's Battlesphe  Conj           58%        2d11      3%          5
 Hailstorm                Conj/Ice       35%        3d9       6%          3
 Passage of Golubria      Tloc           46%        N/A       6%          4
 Arcjolt                  Conj/Air       27%        1d37      6%          5
 Portal Projectile        Hex/Tloc       54%        N/A       14%         3
 Freeze                   Ice            32%        1d5       32%         1
 Slow                     Hex            32%        N/A       32%         1
 Summon Small Mammal      Summ           28%        N/A       34%         1
 Sublimation of Blood     Necr           7%         N/A       47%         2
 Irradiate                Conj/Tmut      17%        3d17      52%         5
 Confusing Touch          Hex            8%         N/A       69%         3
 Frozen Ramparts          Ice            16%        1d3       69%         3
 Tukima's Dance           Hex            8%         N/A       69%         3
 Call Canine Familiar     Summ           7%         N/A       71%         3
 Summon Guardian Golem    Hex/Summ       8%         N/A       71%         3
 Vampiric Draining        Necr           7%         2d6       71%         3
 Summon Forest            Summ/Tloc      13%        N/A       80%         5
 Cause Fear               Hex            4%         N/A       97%         4
 Petrify                  Tmut/Erth      8%         N/A       97%         4
 Iron Shot                Conj/Erth      17%        9d4       97%         6
 Blade Hands              Tmut           4%         N/A       100%        5
 Yara's Violent Unravell  Hex/Tmut       4%         3d4       100%        5
 Eringya's Noxious Bog    Tmut/Pois      4%         N/A       100%        6
 Dragon Form              Tmut           4%         N/A       100%        7
 Spellforged Servitor     Conj/Summ      17%        N/A       100%        7
 Storm Form               Tmut/Air       15%        N/A       100%        7
 Summon Hydra             Summ           3%         N/A       100%        7
 Dragon's Call            Summ           3%         N/A       100%        9


Dungeon Overview and Level Annotations

Branches:
Dungeon (11/15)            Temple (1/1) D:6            Lair (5/5) D:8
 Shoals (0/4) Lair:2        Snake (0/4) Lair:2        Slime (1/5) Lair:5
    Orc (2/2) D:9             Elf (0/3) Orc:2        Bailey (visited)

Altars:
Ashenzari
Cheibriados
Dithmenos
Elyvilon
Fedhas
Gozag
Hepliaklqana
Kikubaaqudgha
Makhleb
Nemelex Xobeh
Okawaru
Qazlal
Ru
Sif Muna
Trog
Uskayaw
Vehumet
Wu Jian
Xom
Yredelemnul
Zin
The Shining One
Beogh
Jiyva

Shops:
D:5 *!*   D:6 :   D:7 [   D:10 =   Orc:2 !

Annotations:
D:11 1 runed translucent door, exclusion: orange crystal statue
Temple 2 transporters
Orc:2 exclusion: oklob plant


Message History

Your base Axes skill increases to level 17!
Casting: Manifold Assault (mildly dangerous; 6% risk of failure)
Press: ? - help, Q - select action, (/) - cycle Dir - look around, f - activate Space momentarily warps into an impossible shape!
You slash the orc high priest! You slash the orange demon!
You kill the orange demon!
The orange demon disappears in a puff of smoke!
You slice the orc warrior!!
You kill the orc warrior!
The orc high priest looks more healthy.
The orc high priest is engulfed in poison gas.
The orc high priest is poisoned.
Aiming: Throw Flame
Press: ? - help, Q - select action, (/) - cycle Shift-Dir - straight line, f - orc warrior
Aim: an orc warrior, wielding a +0 short sword and wearing a +0 chain mail (black smoke, haloed, 77% to hit)
The puff of flame hits the orc warrior but does no damage.
Unknown command.
Aiming: Throw Flame
Press: ? - help, Q - select action, (/) - cycle Shift-Dir - straight line, f/p - orc warrior
Aim: an orc warrior, wielding a +0 short sword and wearing a +0 chain mail (haloed, 77% to hit)
The puff of flame hits the orc warrior but does no damage.
You slice the orc warrior!!
You kill the orc warrior!
Casting: Blink (safe; 1% risk of failure)
Press: ? - help, Q - select action, (/) - cycle Dir - look around, f - activate You blink.
The orc high priest utters an invocation to Beogh.
You block the orc warrior's attack.
The orc warrior hits you from afar with a +3 trident.
* * * LOW HITPOINT WARNING * * *
The orc priest shouts, "Beogh is our master!
Accept the truth or die!"
You slash the orc priest!
The orc priest is heavily wounded.
You hit the orange demon.
The orc priest invokes the aid of Beogh against you.
Pain shoots through your body!
* * * LOW HITPOINT WARNING * * *
The orc warrior hits you from afar with a +0 halberd.
You die...

* ##.## ### ##...# ,* * **
##.## ##...#### ** * **
##.°§# #....##.# ** ,
##○°o### ###....... ,* ,.,
**##.○°oo.####..#.....# ,*
..,∆ #.°.o°o.##.#........)
, ,* #..
,#..°.4.........)[[..[ ,*
#.. #○.o@o......o.[[<)..8
,,,,
#...#..###.#......)#)#...
*##.....)####.......###....
,, ,
#.......o##.#......##.....
, ,
...#...............[#.....
,,
.##................).....#
, *###.#.##....##...))....#
, , * *
*#######..{.##.{._...## ,
*, ####oo..#).)...##


You could see an orc knight, an orc high priest (poisoned), an orange demon
(summoned), 3 orc warriors, an orc priest and an orc.

Vanquished Creatures
  An azure jelly (Lair:5)
  2 orc warlords (Orc:2)
  3 dire elephants (Lair:5)
  Fannar (Lair:2)
  2 hydras (Lair:3)
  A death yak (Lair:5)
  2 two-headed ogres
  3 orc high priests
  3 spectral death yaks (Lair:5)
  A sixfirhy (D:11)
  A spectral anaconda (Lair:5)
  An obsidian statue (Lair:5)
  2 orc knights (Orc:2)
  4 necromancers (Lair:5)
  3 orc sorcerers (Orc:2)
  A cyclops (D:11)
  3 merfolk sirens (Lair:2)
  11 elephants (Lair:5)
  12 cane toads
  6 black mambas
  2 orange demons (D:11)
  An unseen horror (D:11)
  A dire elephant skeleton (Lair:5)
  Maggie (D:10)
  Psyche (D:8)
  9 komodo dragons
  5 rime drakes
  A red devil (D:11)
  A queen bee (D:9)
  A merfolk (Lair:2)
  5 trolls
  2 hornets
  9 blink frogs
  3 spectral elephants (Lair:5)
  13 dream sheep
  Sigmund (D:5)
  2 slime creatures
  4 shadows (D:9)
  40 yaks
  8 wyverns
  5 basilisks
  Eustachio (D:4)
  2 vampire mosquitoes (D:11)
  A warg (Orc:2)
  Menkaure (D:7)
  A spectral cane toad (Lair:5)
  3 two-headed ogre zombies (D:9)
  An acid dragon (D:10)
  23 water moccasins
  27 orc warriors
  3 black bears
  A sky beast (D:6)
  2 ice beasts (D:7)
  7 wolves
  An elephant skeleton (Lair:5)
  4 ogres
  A centaur (D:8)
  2 phantoms
  2 kobold brigands
  Blork the orc (D:4)
  12 bullfrogs
  8 scorpions
  2 gnoll sergeants
  A cane toad simulacrum (Lair:5)
  16 wights
  A troll zombie (D:9)
  25 killer bees (D:9)
  4 electric eels (D:8)
  2 howler monkeys
  8 hounds
  4 quasits (D:11)
  19 jellies
  2 gnoll boudas
  12 orc priests
  Crazy Yiuf (D:4)
  3 iguanas
  Terence (D:3)
  22 orc wizards
  5 sleepcaps
  4 ogre zombies (D:9)
  8 adders
  19 gnolls
  A worm (D:3)
  5 dart slugs
  63 orcs
  3 ball pythons
  5 endoplasms
  2 giant cockroaches
  9 goblins
  5 hobgoblins
  4 quokkas
  15 bats
  4 frilled lizards
  2 goblin skeletons (D:9)
  5 goblin zombies (D:9)
  A hobgoblin skeleton (D:9)
  15 kobolds
  3 orc skeletons (D:9)
  14 orc zombies (D:9)
  7 rats
604 creatures vanquished.

Vanquished Creatures (collateral kills)
  An acid blob (Slime:1)
  3 slime creatures (Slime:1)
4 creatures vanquished.

Grand Total: 608 creatures vanquished

Notes
Turn   | Place    | Note
-------+----------+-------------------------------------------
     0 | D:1      | AgateBread the Hill Orc Monk began the quest for the Orb.
     0 | D:1      | Reached XP level 1. HP: 19/19 MP: 1/1
   108 | D:1      | Reached XP level 2. HP: 16/27 MP: 2/2
   460 | D:1      | Reached skill level 1 in Armour
   708 | D:1      | Reached XP level 3. HP: 33/33 MP: 3/3
  1014 | D:2      | Reached skill level 5 in Axes
  1014 | D:2      | Reached XP level 4. HP: 33/41 MP: 4/4
  1138 | D:2      | Identified the +6 hand axe of Distraction {heavy, rPois
                  | rCorr}
  1188 | D:2      | Found a faded altar of an unknown god.
  1360 | D:2      | Reached XP level 5. HP: 41/47 MP: 5/5
  1974 | D:3      | Reached skill level 5 in Fighting
  2152 | D:3      | Noticed Terence
  2161 | D:3      | Killed Terence
  2655 | D:4      | Noticed Blork the orc
  2664 | D:4      | Killed Blork the orc
  2665 | D:4      | Reached XP level 6. HP: 29/56 MP: 2/6
  2831 | D:4      | Reached skill level 6 in Axes
  2962 | D:4      | Learned a level 2 spell: Blink
  2986 | D:4      | You fall into a shaft and drop 3 floors!
  3034 | D:6      | Noticed a water moccasin
  3039 | D:6      | Killed a water moccasin
  3040 | D:6      | Reached XP level 7. HP: 63/63 MP: 7/7
  3057 | D:6      | Reached skill level 7 in Axes
  3113 | D:6      | Found a staircase to the Ecumenical Temple.
  3134 | Temple   | Entered the Ecumenical Temple
  3134 | Temple   | Found a transporter.
  3134 | Temple   | Found a transporter.
  3136 | Temple   | Found a transporter.
  3136 | Temple   | Found a transporter.
  3174 | Temple   | Became a worshipper of Ashenzari the Shackled
  3731 | D:6      | Found Ocweh's Book Shop.
  3949 | D:6      | Reached skill level 5 in Armour
  3968 | D:6      | Reached XP level 8. HP: 36/73 MP: 2/8
  4090 | D:6      | Found a burning altar of Makhleb.
  4230 | D:6      | Reached skill level 8 in Axes
  4567 | D:5      | Entered Level 5 of the Dungeon
  4666 | D:5      | Reached skill level 9 in Axes
  4697 | D:5      | Found Jices's Assorted Antiques.
  4719 | D:5      | Bought a scroll labelled ZYD PEBESMOUS for 27 gold pieces
  4719 | D:5      | Bought a scroll labelled LENWUA ZUCOMOST for 27 gold pieces
  4904 | D:5      | Found Opsi's Distillery.
  4908 | D:5      | Noticed Sigmund
  4916 | D:5      | Killed Sigmund
  4917 | D:5      | Reached XP level 9. HP: 82/82 MP: 9/9
  4949 | D:5      | Found Dairoh's Assorted Antiques.
  5025 | D:5      | Bought a scroll labelled LEL EJOPU PAICI for 28 gold pieces
  5565 | D:4      | Found a runed translucent door.
  5566 | D:4      | Noticed Crazy Yiuf
  5620 | D:4      | Noticed Eustachio
  5628 | D:4      | Killed Eustachio
  5849 | D:4      | Killed Crazy Yiuf
  5856 | D:4      | Identified a scroll of acquirement
  5856 | D:4      | Acquired 511 gold pieces
  5863 | D:4      | Identified the +7 hammer of the Disturbing Knives {flame,
                  | rF++ rC- Int+3 Stlth+}
  6025 | D:7      | Reached skill level 10 in Axes
  6058 | D:7      | Reached * piety under Ashenzari
  6093 | D:7      | Found Voliguss's Antique Armour Emporium.
  6102 | D:7      | Bought a runed chain mail for 255 gold pieces
  6145 | D:7      | Noticed Menkaure
  6161 | D:7      | Killed Menkaure
  7105 | D:7      | Reached skill level 10 in Fighting
  7283 | D:7      | Reached skill level 11 in Axes
  7424 | D:6      | Bought a book of Lightning for 374 gold pieces
  7481 | D:8      | Reached XP level 10. HP: 77/93 MP: 10/10
  7888 | D:8      | Found a viscous altar of Jiyva.
  7897 | D:8      | Reached ** piety under Ashenzari
  7905 | D:8      | Reached skill level 1 in Translocations
  7905 | D:8      | Reached skill level 1 in Air Magic
  8032 | D:8      | Identified the +0 chain mail of Yxoereal {rF+ rC+ Str+2}
  8147 | D:8      | Found a shadowy altar of Dithmenos.
  8154 | D:8      | Noticed Psyche
  8183 | D:8      | Killed Psyche
  8186 | D:8      | Identified the cursed +0 cloak "Ensconced Together" {Bglg,
                  | Alch} (You took it off Crazy Yiuf on level 4 of the
                  | Dungeon)
  8186 | D:8      | Identified the cursed +0 pair of boots "I Knew You'd Do
                  | That" {Comp, Elem} (You found it on level 3 of the Dungeon)
  8365 | D:8      | Found a staircase to the Lair.
  9374 | D:8      | Reached skill level 10 in Armour
  9750 | D:9      | Found a flagged portal.
  9762 | Bailey   | Entered a bailey
 10546 | D:9      | Learned a level 3 spell: Vhi's Electric Charge
 10563 | D:9      | Reached XP level 11. HP: 80/99 MP: 11/11
 10759 | D:9      | Found a staircase to the Orcish Mines.
 10789 | D:9      | Reached skill level 5 in Translocations
 10813 | D:9      | Reached skill level 5 in Air Magic
 11298 | D:9      | Reached *** piety under Ashenzari
 11684 | D:10     | Entered Level 10 of the Dungeon
 11869 | D:10     | Noticed Maggie
 11883 | D:10     | Killed Maggie
 12118 | D:10     | Found an ornate altar of the Wu Jian Council.
 12118 | D:10     | Found a blossoming altar of Fedhas.
 12118 | D:10     | Found an ancient bone altar of Kikubaaqudgha.
 12153 | D:10     | Found Diejusch Qole's Jewellery Boutique.
 12286 | D:10     | Reached skill level 1 in Fire Magic
 12581 | D:10     | Noticed a two-headed ogre
 12589 | D:10     | Killed a two-headed ogre
 12642 | D:10     | Reached XP level 12. HP: 92/105 MP: 12/12
 13330 | D:11     | Reached XP level 13. HP: 70/113 MP: 13/13
 13615 | D:11     | Found a runed translucent door.
 13648 | D:11     | Found a runed translucent door.
 13710 | D:11     | Found a runed translucent door.
 13910 | D:11     | Learned a level 4 spell: Manifold Assault
 14285 | D:11     | Reached skill level 5 in Fire Magic
 14837 | Lair:1   | Entered Level 1 of the Lair of Beasts
 15987 | Lair:2   | You fall into a shaft and drop 1 floor!
 16129 | Lair:2   | Noticed Fannar
 16153 | Lair:2   | Killed Fannar
 16160 | Lair:2   | Found a staircase to the Snake Pit.
 16294 | Lair:2   | Found a staircase to the Shoals.
 17144 | Lair:2   | Reached **** piety under Ashenzari
 18732 | Lair:3   | Reached skill level 1 in Spellcasting
 18732 | Lair:3   | Reached XP level 14. HP: 40/122 MP: 7/15
 20734 | Lair:4   | Learned a level 6 spell: Plasma Beam
 21317 | Lair:5   | Entered Level 5 of the Lair of Beasts
 21570 | Lair:5   | Noticed a dire elephant
 21570 | Lair:5   | Noticed a dire elephant
 21570 | Lair:5   | Noticed a dire elephant
 21572 | Lair:5   | Identified the +6 chain mail of the Eternal Void {rN+}
 22128 | Lair:5   | Found a viscous altar of Jiyva.
 22146 | Lair:5   | Found a staircase to the Slime Pits.
 23276 | Lair:5   | Reached skill level 10 in Conjurations
 24682 | Lair:5   | Killed a dire elephant
 24694 | Lair:5   | Killed a dire elephant
 24909 | Lair:5   | Reached ***** piety under Ashenzari
 25192 | Lair:5   | Killed a dire elephant
 25193 | Lair:5   | Reached XP level 15. HP: 120/139 MP: 25/25
 26156 | D:6      | Bought a manual of Axes for 880 gold pieces
 26408 | Slime:1  | Entered Level 1 of the Pits of Slime
 26408 | Slime:1  | Noticed an acid blob
 26420 | Slime:1  | Noticed an acid blob
 26421 | Slime:1  | Killed an acid blob
 26422 | Slime:1  | Reached skill level 12 in Axes
 26428 | Slime:1  | Noticed an azure jelly
 26457 | Lair:5   | Killed an azure jelly
 26458 | Lair:5   | Reached skill level 13 in Axes
 27368 | Orc:1    | Entered Level 1 of the Orcish Mines
 27378 | Orc:1    | Found a roughly hewn altar of Beogh.
 27847 | Orc:1    | Reached skill level 14 in Axes
 27890 | Orc:2    | Entered Level 2 of the Orcish Mines
 27895 | Orc:2    | Found Qeqalinom's Distillery.
 27896 | Orc:2    | Found a roughly hewn altar of Beogh.
 27914 | Orc:2    | Noticed an orc warlord
 27928 | Orc:2    | Killed an orc warlord
 27929 | Orc:2    | Reached skill level 15 in Axes
 28323 | Orc:2    | Found a staircase to the Elven Halls.
 28684 | Orc:2    | Reached skill level 16 in Axes
 28700 | Orc:2    | Noticed an orc warlord
 28724 | Orc:2    | Killed an orc warlord
 28743 | Orc:2    | HP: 4/139 [ice devil[an orc high priest] (5)]
 28772 | Orc:2    | Reached skill level 17 in Axes
 28777 | Orc:2    | HP: 2/139 [orc priest/nerve-wracking pain (13)]
 28777 | Orc:2    | Slain by an orc warrior

Illustrated notes

Levels and vault maps discovered:
D:1:      saegor_arrival_simple_c, layout_loops_ring
D:2:      layout_basic, ebering_ecumenical_altar_sacrificial
D:3:      layout_loops_ring, minmay_quadrilaterals, uniq_terence
D:4:      layout_rooms, due_unseen_surprise, uniq_blork_the_orc, uniq_eustachio,
          uniq_crazy_yiuf_cottage
D:5:      layout_loops_cross, serial_shops, nicolae_shop_waterfront,
          nicolae_shop_window_shopping, nicolae_shop_tiny_waterfront,
          uniq_sigmund
D:6:      layout_loops_corners, bloody_makhleb, minmay_temple_entry_ruins,
          serial_shops, shop
D:7:      layout_basic, serial_shops, shop, minmay_circle_x, uniq_menkaure
D:8:      layout_basic, mainiacjoe_overflow_chevrons, erik_lair_island,
          jiyva_altar_1, uniq_psyche
D:9:      layout_loops_ring, zombieorc2_lemuel, special_room [special_room_bee],
          enter_bailey_3
D:10:     old_forge, layout_layer_cave, gammafunk_temple_overflow_claw,
          serial_shops, nicolae_shop_hallway_plus, uniq_maggie
D:11:     layout_loops_ring, serial_demonic, serial_demonic_e, serial_demonic_a,
          serial_demonic_a, serial_demonic_d, minmay_misc_feat_hallway,
          minmay_statue_crystal_thing, uniq_lodul, uniq_erolcha, uniq_maurice
Temple:   hellmonk_temple_divided_pantheon
Lair:1:   layout_cellular_growth, special_room
Lair:2:   nzn_winding_woodlands_small [nzn_winding_woodlands_5x15_concentric,
          nzn_winding_woodlands_center_garden,
          nzn_winding_woodlands_5x15_parted], layout_regular_city,
          elwin_shoals_entry_stream, minmay_snake_entry_six_corridors,
          chequers_serial_rivers_marsh, lemuel_fruit_tree, uniq_fannar,
          uniq_urug
Lair:3:   layout_gridlike, minivault_26, beast_lair_carwin_7
Lair:4:   layout_small_grid
Lair:5:   due_jungle_book, layout_gridlike, minmay_slime_entry_jelly_boxes,
          patterned_corridor
Slime:1:  layout_caves
Orc:1:    layout_diamond_mine, special_room [special_room_orc], serial_shops,
          shop, kennysheep_orc_chapel
Orc:2:    st_orc_congregation, layout_diamond_mine, serial_shops, shop_statue,
          basic_altar, nicolae_orc_rockfall, minmay_shop_mass, mines3_lemuel

Skill      XL: |  1  2  3  4  5  6  7  8  9 10 11 12 13 14 15 |
---------------+----------------------------------------------+-----
Armour         | 1 2 3 4 5 7 8 10 11 13 | 13.2
Fighting       | 4 5 6 7 8 10 12 | 12.8
Axes           | 5 6 7 9 11 17 | 17.2
Translocations | 4 5 6 |  6.8
Air Magic      | 4 6 8 |  8.5
Fire Magic     | 2 3 7 |  7.2
Conjurations   | 8 10 | 10.6
Spellcasting   | 1 4 |  4.6
Dodging        | |  2.4

Action                     |  1- 3 |  4- 6 |  7- 9 | 10-12 | 13-15 || total
---------------------------+-------+-------+-------+-------+-------++-------
  Melee: Hand axe          |    60 |    83 |   169 |   433 |   957 ||  1702
         Unarmed           |       |       |       |    14 |       ||    14
  Throw: Dart              |     2 |     2 |     3 |     9 |       ||    16
         Boomerang         |       |       |       |    39 |     1 ||    40
   Cast: Vhi's Electric Ch |       |       |       |     1 |    10 ||    11
         Blink             |       |       |       |       |     6 ||     6
         Manifold Assault  |       |       |       |       |    42 ||    42
 Invoke: Curse Item        |       |       |     2 |     3 |     3 ||     8
  Evoke: Wand              |       |     1 |     8 |    11 |    23 ||    43
    Use: Scroll            |       |     7 |    12 |     3 |    22 ||    44
         Potion            |       |       |     3 |     5 |    13 ||    21
   Stab: Invisible         |       |       |       |     3 |     5 ||     8
         Paralysed         |       |       |       |       |     7 ||     7
 Armour: Leather armour    |    14 |    16 |       |       |       ||    30
         Ring mail         |       |     9 |    32 |       |       ||    41
         Chain mail        |       |       |    32 |   247 |   580 ||   859
         Skin              |       |       |       |     7 |       ||     7
  Dodge: Dodged            |    36 |    60 |    71 |   205 |   369 ||   741
  Block: Orb               |       |       |    26 |   105 |   219 ||   350
         Other             |       |       |       |    10 |       ||    10
         Reflection        |       |       |       |     2 |     4 ||     6
